[Event "360 One Wealth GP-3 2024"]
[Site "Mumbai"]
[Date "2024.02.06"]
[Round "2.1"]
[White "Kulkarni, Vikramaditya"]
[Black "Reyaansh Venkat"]
[Result "1/2-1/2"]
[ECO "B31"]
[WhiteElo "2193"]
[BlackElo "1201"]
[Annotator "RC"]
[PlyCount "153"]
[EventDate "2024.02.04"]
[EventType "swiss"]
[EventCountry "IND"]
[SourceTitle "playchess.com"]
[Source "ChessBase"]
[SourceQuality "1"]
[TimeControl "5400+30"]

1. e4 c5 2. Be2 Nc6 3. d3 g6 4. h4 h5 5. f4 Bg7 6. f5 Nf6 7. fxg6 fxg6 8. Nh3 O-O 9. Nc3 d6 10. Bg5 Bg4 11. Nf4 Qe8 12. Bxf6 Bxe2 13. Ncxe2 Bxf6 14. Ne6 Qd7 15. Nxf8 Rxf8 16. O-O Qg4 17. c3 Qxh4 18. Qe1 Qg4 19. Rf3 Ne5 20. Rg3 Qh4 21. d4 Ng4 22. Rh3 Qg5 23. Rd1 Ne3 24. Rg3 Qh6 25. Nf4 Bh4 26. Rxg6+ Qxg6 27. Nxg6 Bf2+ 28. Qxf2 Rxf2 29. Kxf2 Nxd1+ 30. Ke2 Kf7 31. dxc5 Nxb2 32. cxd6 exd6 33. Nf4 Na4 34. Kd3 h4 35. Kd4 Kf6 36. Nd3 Nb6 37. c4 Ke6 38. Ne1 Nd7 39. Nf3 Ne5 40. Nxh4 Nc6+ 41. Kc3 Ke5 42. Nf5 b6 43. a4 Kxe4 44. Nxd6+ Kf4 45. Kd3 Kg3 46. Ke4 Kxg2 47. Nc8 Kf2 48. Kd5 Nb4+ 49. Kd6 Ke3 50. Nxa7 Kd4 51. Nc8 Kxc4 52. Nxb6+ Kb3 53. Kc5 Na6+ 54. Kb5 Nc7+ 55. Kc6 Na6 56. Kb5 Nc7+ 57. Ka5 Ka3 58. Nc4+ Kb3 59. Nd2+ Kc3 60. Ne4+ Kc4 61. Nf6 Kc5 62. Nd7+ Kc6 63. Ne5+ Kb7 64. Kb4 Nd5+ 65. Kc5 Nc3 66. a5 Ka6 67. Nc6 Ne4+ 68. Kb4 Nd6 69. Nb8+ Ka7 70. Nc6+ Ka6 71. Ka4 Nb7 72. Nb4+ Ka7 73. Nc6+ Ka6 74. Nb4+ Ka7 75. a6 Nc5+ 76. Kb5 Nxa6 77. Nxa6 1/2-1/2

[Event "360 One Wealth GP-3 2024"]
[Site "Mumbai"]
[Date "2024.02.06"]
[Round "2.2"]
[White "Mishra Rahul"]
[Black "Raghav, Srivathsav V"]
[Result "0-1"]
[ECO "A16"]
[WhiteElo "1227"]
[BlackElo "2017"]
[Annotator "RC"]
[PlyCount "118"]
[EventDate "2024.02.04"]
[EventType "swiss"]
[EventCountry "IND"]
[SourceTitle "playchess.com"]
[Source "ChessBase"]
[SourceQuality "1"]
[TimeControl "5400+30"]

1. c4 Nf6 2. Nc3 g6 3. g3 Bg7 4. Bg2 O-O 5. Nf3 c5 6. O-O d6 7. h3 Nc6 8. e3 Bd7 9. a3 a6 10. d4 Rb8 11. Re1 b5 12. Qe2 bxc4 13. Qxc4 Qc8 14. dxc5 Na5 15. Qh4 Nb3 16. Rb1 Nxc5 17. e4 Re8 18. Bh6 Nd3 19. Re2 Bh8 20. Nd1 Ba4 21. Nc3 Bd7 22. Nd1 a5 23. Rd2 Nc5 24. Nc3 a4 25. e5 dxe5 26. Nxe5 Bf5 27. Rbd1 Nfe4 28. Nxe4 Nxe4 29. Bxe4 Bxe5 30. Bxf5 Qxf5 31. Qxa4 Qxh3 32. Bf4 Qg4 33. f3 Qxf3 34. Rf1 Qg4 35. Qe4 Bxf4 36. Qxf4 Qxf4 37. Rxf4 Rb3 38. Kg2 Reb8 39. Rff2 h5 40. a4 R8b4 41. a5 Rb7 42. Rc2 Ra7 43. Rc5 Rb4 44. Re2 Kg7 45. Kh3 e6 46. Kg2 Kf6 47. Rf2+ Ke7 48. Rfc2 Kd7 49. Rd2+ Ke7 50. Rdc2 Kd6 51. Rc6+ Kd7 52. R6c5 Ra4 53. Rd2+ Ke7 54. Rb5 R4xa5 55. Rb8 Rd7 56. Rc2 Rad5 57. Kh3 Rd2 58. Rcc8 Kf6 59. b4 g5 0-1

[Event "360 One Wealth GP-3 2024"]
[Site "Mumbai"]
[Date "2024.02.06"]
[Round "2.3"]
[White "Bartakke, Amardeep S."]
[Black "Sawant Sanskruti"]
[Result "1-0"]
[ECO "B07"]
[WhiteElo "1961"]
[BlackElo "1189"]
[Annotator "NA RC"]
[PlyCount "57"]
[EventDate "2024.02.04"]
[EventType "swiss"]
[EventCountry "IND"]
[SourceTitle "playchess.com"]
[Source "ChessBase"]
[SourceQuality "1"]
[TimeControl "5400+30"]

1. e4 d6 2. d4 Nf6 3. Nc3 Nbd7 4. f4 e5 5. Nf3 exd4 6. Qxd4 Be7 7. Be3 O-O 8. O-O-O c6 9. Qd2 Qc7 10. h3 b5 11. Bd3 a5 12. g4 Nc5 13. Bxc5 dxc5 14. e5 Nd7 15. Be4 Rb8 16. h4 c4 17. Nd4 Bb7 18. Ndxb5 cxb5 19. Qxd7 Qxd7 20. Rxd7 Bxe4 21. Nxe4 Bd8 22. Kd2 Bb6 23. Ke2 Rfd8 24. Rhd1 Kf8 25. e6 fxe6 26. Ng5 Rxd7 27. Rxd7 Bd8 28. Nxe6+ Ke8 29. Rxg7 1-0

[Event "360 One Wealth GP-3 2024"]
[Site "Mumbai"]
[Date "2024.02.06"]
[Round "2.4"]
[White "Palaash Suyog Mapara"]
[Black "Rachit H Gurnani"]
[Result "0-1"]
[ECO "C50"]
[WhiteElo "1165"]
[BlackElo "1720"]
[Annotator "NA RC"]
[PlyCount "206"]
[EventDate "2024.02.04"]
[EventType "swiss"]
[EventCountry "IND"]
[SourceTitle "playchess.com"]
[Source "ChessBase"]
[SourceQuality "1"]
[TimeControl "5400+30"]

1. e4 e5 2. Nf3 Nc6 3. Bc4 Bc5 4. d3 Nf6 5. h3 d6 6. Be3 Bb6 7. O-O h6 8. Nc3 O-O 9. d4 Bd7 10. dxe5 Nxe5 11. Nxe5 dxe5 12. Bxb6 axb6 13. Re1 c6 14. a3 Qe7 15. Qe2 g6 16. Qe3 b5 17. Bb3 Kg7 18. Rad1 b4 19. axb4 Qxb4 20. Na2 Qe7 21. Nc3 Nh5 22. Ne2 Rae8 23. Ng3 Nf4 24. Ne2 Nh5 25. Ng3 Nf6 26. Rd2 Bc8 27. Bc4 Nd7 28. Rde2 Qb4 29. Qc3 Qxc3 30. bxc3 b5 31. Bb3 Nb6 32. Rd2 Re7 33. Red1 Rc7 34. Rd8 Bb7 35. Rxf8 Kxf8 36. f3 c5 37. Bd5 Rd7 38. Rb1 Bxd5 39. exd5 b4 40. cxb4 cxb4 41. Rxb4 Nxd5 42. Re4 f6 43. Rc4 Nf4 44. Nf1 Ke7 45. Kf2 h5 46. Rc5 h4 47. Rc8 Rd5 48. Rc7+ Kd6 49. Rc8 Kd7 50. Rc3 Rd1 51. Rc4 g5 52. Rc3 Ke6 53. Rc8 Ra1 54. Rc6+ Kf7 55. Rc7+ Kg6 56. Rc6 Nh5 57. Rc3 Ra6 58. Rc8 Rd6 59. Rc3 f5 60. Rc5 Kf6 61. Rc8 f4 62. Rc4 Kf5 63. Rc3 Ra6 64. Rc8 Ra1 65. Rf8+ Kg6 66. Rc8 Ng3 67. Nxg3 hxg3+ 68. Ke2 Rg1 69. Rg8+ Kf6 70. Rf8+ Kg7 71. Rf5 Rxg2+ 72. Kf1 Rf2+ 73. Kg1 Kg6 74. Rxe5 Rxc2 75. Re6+ Kf5 76. Ra6 Ke5 77. Ra5+ Kd4 78. Ra4+ Ke3 79. Ra3+ Ke2 80. Kg2 Rd2 81. Rb3 Ke1+ 82. Kg1 Rf2 83. Rb1+ Ke2 84. Rb2+ Kxf3 85. Rb3+ Ke4 86. Rb4+ Kf5 87. Rb5+ Kg6 88. Rb6+ Kh5 89. Rb8 Ra2 90. Rh8+ Kg6 91. Rf8 Rh2 92. Rg8+ Kf5 93. Re8 Rxh3 94. Kg2 Rh2+ 95. Kg1 Ra2 96. Rb8 Kg4 97. Rb1 Kh3 98. Rf1 Rg2+ 99. Kh1 Rh2+ 100. Kg1 Rh1+ 101. Kxh1 g2+ 102. Kg1 gxf1=Q+ 103. Kxf1 Kh2 0-1

[Event "360 One Wealth GP-3 2024"]
[Site "Mumbai"]
[Date "2024.02.06"]
[Round "2.5"]
[White "Vihaan Ravi Rao"]
[Black "Arnav Mahesh Koli"]
[Result "0-1"]
[ECO "A36"]
[WhiteElo "1184"]
[BlackElo "1755"]
[Annotator "NA RC"]
[PlyCount "99"]
[EventDate "2024.02.04"]
[EventType "swiss"]
[EventCountry "IND"]
[SourceTitle "playchess.com"]
[Source "ChessBase"]
[SourceQuality "1"]
[TimeControl "5400+30"]

1. e4 c5 2. c4 Nc6 3. Nc3 g6 4. g3 Bg7 5. Bg2 d6 6. d3 a6 7. Nge2 Rb8 8. a4 h5 9. O-O h4 10. Be3 e5 11. Nd5 Nh6 12. Nec3 Ng4 13. f4 Nxh2 14. Kxh2 hxg3+ 15. Kg1 Qh4 16. Re1 Qh2+ 17. Kf1 Bh3 18. Qf3 Qh1+ 19. Ke2 Qxg2+ 20. Qxg2 Bxg2 21. Rg1 Rh2 22. Ke1 exf4 23. Nxf4 Nb4 24. Rc1 Bh1 25. Ncd5 g5 26. Nxb4 gxf4 27. Bxf4 cxb4 28. Bxg3 Rg2 29. Rxg2 Bxg2 30. Rc2 Bh3 31. Bxd6 Rd8 32. e5 Kd7 33. Rh2 Bf5 34. d4 b3 35. Rf2 Bg6 36. Rf3 Rc8 37. c5 b5 38. axb5 axb5 39. Rxb3 Kc6 40. Rg3 Kd5 41. Rg4 Rh8 42. Kd2 b4 43. e6 Kxe6 44. d5+ Kxd5 45. Rxb4 Bd4 46. Be7 Rh2+ 47. Ke1 Bd3 48. Bf8 Be3 49. Rd4+ Kxd4 50. Bg7+ 0-1

[Event "360 One Wealth GP-3 2024"]
[Site "Mumbai"]
[Date "2024.02.06"]
[Round "2.6"]
[White "Tanmay Sanjay More"]
[Black "Kherdekar Arnav"]
[Result "1/2-1/2"]
[ECO "B07"]
[WhiteElo "1156"]
[BlackElo "1693"]
[Annotator "NA RC"]
[PlyCount "138"]
[EventDate "2024.02.04"]
[EventType "swiss"]
[EventCountry "IND"]
[SourceTitle "playchess.com"]
[Source "ChessBase"]
[SourceQuality "1"]
[TimeControl "5400+30"]

1. e4 d6 2. d4 Nf6 3. Nc3 c6 4. Nf3 Bg4 5. Be2 e6 6. Bg5 Be7 7. e5 Nfd7 8. Bxe7 Qxe7 9. exd6 Qxd6 10. O-O Nf6 11. Re1 O-O 12. Ne5 Bf5 13. Bd3 Bxd3 14. Qxd3 Rd8 15. Rad1 Nbd7 16. Ne4 Nxe4 17. Rxe4 Nf8 18. h3 Qd5 19. c4 Qa5 20. Qb3 Rab8 21. c5 Qc7 22. Qa4 f6 23. Nf3 Ra8 24. Qb3 Rd5 25. Ree1 Rad8 26. Qc2 Qd7 27. Re2 Ng6 28. Qe4 Rxc5 29. Qxe6+ Qxe6 30. Rxe6 Rc2 31. Rb1 Kf7 32. Re3 Nf4 33. Rb3 Rd7 34. Kf1 Ke8 35. Rc3 Rxc3 36. bxc3 Nd5 37. Rb3 Re7 38. Nd2 Nb6 39. c4 Rd7 40. Ke2 Rxd4 41. c5 Na4 42. Rxb7 Rd7 43. Rb8+ Kf7 44. Rc8 Nxc5 45. Rxc6 Ne6 46. Nb3 Nf4+ 47. Kf3 Nd3 48. Rc3 Nb4 49. a3 Nd3 50. Ke2 Nf4+ 51. Kf3 g5 52. Nc5 Re7 53. Ne4 Kg6 54. Rc6 Ne6 55. Ra6 Kg7 56. Nd6 Nd4+ 57. Kg3 Kg6 58. Nc8 Nf5+ 59. Kh2 Re8 60. Nxa7 Re2 61. g4 Ne3 62. Kg3 Nd1 63. Nc6 Nxf2 64. Nd4 Nh1+ 65. Kf3 Rf2+ 66. Ke3 Rh2 67. Kf3 Rf2+ 68. Ke3 Rh2 69. Kf3 Rf2+ 1/2-1/2

[Event "360 One Wealth GP-3 2024"]
[Site "Mumbai"]
[Date "2024.02.06"]
[Round "2.8"]
[White "Mayanka Rakesh Rana"]
[Black "Bhawsar, Ashwath"]
[Result "1-0"]
[ECO "B08"]
[WhiteElo "1136"]
[BlackElo "1663"]
[Annotator "NA RC"]
[PlyCount "137"]
[EventDate "2024.02.04"]
[EventType "swiss"]
[EventCountry "IND"]
[SourceTitle "playchess.com"]
[Source "ChessBase"]
[SourceQuality "1"]
[TimeControl "5400+30"]

1. d4 Nf6 2. Nf3 g6 3. Nc3 Bg7 4. e4 d6 5. Be3 O-O 6. Be2 Nbd7 7. Qd2 c6 8. Bh6 b5 9. a3 Bb7 10. Bxg7 Kxg7 11. e5 Ne8 12. h4 h5 13. Qf4 dxe5 14. dxe5 Nc7 15. Ng5 Nc5 16. Rd1 N7e6 17. Qe3 Qc7 18. g4 Nxg5 19. Qxg5 Ne6 20. Qe3 hxg4 21. Bxg4 Rh8 22. Bxe6 fxe6 23. Qg3 Raf8 24. Rg1 Rh6 25. h5 Rf5 26. hxg6 Qxe5+ 27. Kf1 Qxg3 28. Rxg3 Rh1+ 29. Rg1 Rxg1+ 30. Kxg1 Bc8 31. Rd8 Rf8 32. Rxf8 Kxf8 33. Ne2 Kg7 34. Nf4 Bd7 35. Kg2 Kf6 36. Kg3 Be8 37. g7 Bf7 38. Nh5+ Kg5 39. Nf4 Kh6 40. g8=Q Bxg8 41. Nd3 Bh7 42. Ne5 c5 43. c3 Be4 44. Nd7 c4 45. Nc5 Bd5 46. Kf4 Kg6 47. Ke5 Kf7 48. Na6 Bf3 49. Nc7 Bc6 50. Nxe6 Ke8 51. Nd4 Bd7 52. Kd5 a6 53. Kc5 Bc8 54. Nc6 Kd7 55. Kb6 Kd6 56. Nb8 Ke5 57. Nxa6 Ke4 58. Nb4 Bd7 59. Kc7 Bg4 60. Kc6 e5 61. Kxb5 Kf3 62. Kxc4 e4 63. Kd4 Bf5 64. Nc2 Kxf2 65. Ne3 Bg6 66. a4 Kf3 67. a5 Be8 68. a6 Bc6 69. b4 1-0

[Event "360 One Wealth GP-3 2024"]
[Site "Mumbai"]
[Date "2024.02.06"]
[Round "2.9"]
[White "Kapadi Yash"]
[Black "Polekar Atharva"]
[Result "1-0"]
[ECO "E06"]
[WhiteElo "1626"]
[BlackElo "1136"]
[Annotator "NA RC"]
[PlyCount "49"]
[EventDate "2024.02.04"]
[EventType "swiss"]
[EventCountry "IND"]
[SourceTitle "playchess.com"]
[Source "ChessBase"]
[SourceQuality "1"]
[TimeControl "5400+30"]

1. Nf3 Nc6 2. d4 d5 3. c4 e6 4. g3 Nf6 5. Bg2 Be7 6. O-O O-O 7. b3 b6 8. Nc3 Bb7 9. Bf4 dxc4 10. Ne5 Nd5 11. Nxd5 exd5 12. bxc4 Nxe5 13. dxe5 c6 14. cxd5 cxd5 15. Qa4 Bg5 16. Rfd1 Bxf4 17. Qxf4 Qd7 18. Bxd5 Bxd5 19. e4 Qb5 20. exd5 Rfe8 21. a4 Qa5 22. Rac1 Rac8 23. e6 fxe6 24. dxe6 Rxc1 25. Qf7+ 1-0

[Event "360 One Wealth GP-3 2024"]
[Site "Mumbai"]
[Date "2024.02.06"]
[Round "2.10"]
[White "Avi Chugh"]
[Black "Joglekar, Abhijit"]
[Result "1/2-1/2"]
[ECO "B22"]
[WhiteElo "1126"]
[BlackElo "1502"]
[Annotator "NA RC"]
[PlyCount "150"]
[EventDate "2024.02.04"]
[EventType "swiss"]
[EventCountry "IND"]
[SourceTitle "playchess.com"]
[Source "ChessBase"]
[SourceQuality "1"]
[TimeControl "5400+30"]

1. e4 c5 2. d4 cxd4 3. c3 d5 4. exd5 Qxd5 5. cxd4 Nc6 6. Nf3 Bg4 7. Nc3 Qd8 8. Bb5 e6 9. O-O Nf6 10. Re1 Be7 11. Bf4 O-O 12. Bxc6 bxc6 13. Be5 Qb6 14. b3 Rfd8 15. Re3 Nd5 16. Nxd5 Rxd5 17. h3 Bh5 18. Qc2 Rc8 19. Rc1 Ba3 20. Rce1 Bg6 21. Qe2 Bb4 22. Rc1 Qa5 23. Rc4 h6 24. Nh4 Bh7 25. Rg3 Bf8 26. Qe3 Kh8 27. Qf4 Rd7 28. b4 Qd5 29. Qxh6 Qxe5 30. Qxh7+ Kxh7 31. dxe5 Rd1+ 32. Kh2 Rd2 33. Rf4 Kg8 34. a3 Rcd8 35. Rgf3 R8d7 36. Rg4 R2d5 37. Re3 Rd3 38. Rgg3 Rd2 39. Rgf3 g5 40. Rg3 Be7 41. Nf3 Rxf2 42. Nxg5 Bxg5 43. Rxg5+ Kf8 44. Rc3 Ra2 45. Rgg3 Rd5 46. Rge3 Rdd2 47. Rg3 Rd5 48. Rg5 f6 49. Rf3 f5 50. Re3 a5 51. bxa5 Rxa5 52. Rgg3 Ke7 53. Rgf3 Ra4 54. Rc3 Re4 55. Rfe3 Rxe3 56. Rxe3 Kf7 57. h4 Kg6 58. Kg3 Rc2 59. Kf3 Rc4 60. g3 Ra4 61. Kg2 c5 62. Rc3 c4 63. Kf3 Kh5 64. Kf4 Kg6 65. g4 fxg4 66. Kxg4 Kh6 67. h5 Ra5 68. Rxc4 Rxa3 69. Rc6 Ra4+ 70. Kf3 Kxh5 71. Rxe6 Kg5 72. Re8 Kf5 73. Ke3 Re4+ 74. Kd3 Rxe5 75. Rxe5+ Kxe5 1/2-1/2

[Event "360 One Wealth GP-3 2024"]
[Site "Mumbai"]
[Date "2024.02.06"]
[Round "2.11"]
[White "Kush Ajay Agarwal"]
[Black "Santosh Shantaram Deorukhkar"]
[Result "1-0"]
[ECO "C54"]
[WhiteElo "1458"]
[BlackElo "1065"]
[Annotator "NA RC"]
[PlyCount "77"]
[EventDate "2024.02.04"]
[EventType "swiss"]
[EventCountry "IND"]
[SourceTitle "playchess.com"]
[Source "ChessBase"]
[SourceQuality "1"]
[TimeControl "5400+30"]

1. e4 e5 2. Nf3 Nc6 3. Bc4 Bc5 4. c3 Nf6 5. d3 d6 6. Nbd2 Be6 7. Bb5 a6 8. Ba4 h6 9. d4 b5 10. dxc5 bxa4 11. Qxa4 Qd7 12. cxd6 cxd6 13. Nc4 Qc7 14. b3 Nxe4 15. Ncxe5 Nxc3 16. Qxc6+ Qxc6 17. Nxc6 O-O 18. O-O Bg4 19. Ncd4 Rfe8 20. Bb2 Ne2+ 21. Nxe2 Rxe2 22. Ba3 Bxf3 23. gxf3 d5 24. Rfe1 Re6 25. Rxe6 fxe6 26. Bc5 Re8 27. Rd1 Kf7 28. Kg2 Kf6 29. f4 Rc8 30. b4 Kf5 31. Kf3 g5 32. fxg5 hxg5 33. Rd4 Rd8 34. Rg4 e5 35. Rxg5+ Kxg5 36. Be7+ Kf5 37. Bxd8 d4 38. Bb6 e4+ 39. Ke2 1-0

[Event "360 One Wealth GP-3 2024"]
[Site "Mumbai"]
[Date "2024.02.06"]
[Round "2.12"]
[White "Chakraborty Aryan"]
[Black "Ishaan A Tendolkar"]
[Result "0-1"]
[ECO "E58"]
[WhiteElo "1137"]
[BlackElo "1451"]
[Annotator "NA RC"]
[PlyCount "46"]
[EventDate "2024.02.04"]
[EventType "swiss"]
[EventCountry "IND"]
[SourceTitle "playchess.com"]
[Source "ChessBase"]
[SourceQuality "1"]
[TimeControl "5400+30"]

1. d4 Nf6 2. c4 e6 3. Nc3 Bb4 4. e3 O-O 5. Bd3 c5 6. Nf3 Nc6 7. a3 Bxc3+ 8. bxc3 d5 9. O-O Re8 10. Ne5 Nxe5 11. dxe5 dxc4 12. Bxc4 Nd5 13. f4 b6 14. Rf3 Bb7 15. Rh3 Nc7 16. Qh5 Be4 17. Be2 Bg6 18. Qf3 Qd5 19. Qf2 Rad8 20. c4 Qe4 21. g4 Qc2 22. Rg3 Qc3 23. Ra2 Qxc1+ 0-1

[Event "360 One Wealth GP-3 2024"]
[Site "Mumbai"]
[Date "2024.02.06"]
[Round "2.13"]
[White "Soni Deepak R"]
[Black "Hiranmayee Kulkarni"]
[Result "1-0"]
[ECO "D00"]
[WhiteElo "1445"]
[BlackElo "1059"]
[Annotator "NA RC"]
[PlyCount "31"]
[EventDate "2024.02.04"]
[EventType "swiss"]
[EventCountry "IND"]
[SourceTitle "playchess.com"]
[Source "ChessBase"]
[SourceQuality "1"]
[TimeControl "5400+30"]

1. d4 d5 2. Bf4 e6 3. e3 Nf6 4. Nd2 Bd6 5. Bg3 c5 6. c3 b6 7. Bb5+ Kf8 8. Ngf3 g6 9. Ne5 Kg7 10. Qf3 h6 11. Ndc4 Bxe5 12. Bxe5 a6 13. Nxb6 Qxb6 14. Qxf6+ Kf8 15. Qxh8+ Ke7 16. Qe8# 1-0

[Event "360 One Wealth GP-3 2024"]
[Site "Mumbai"]
[Date "2024.02.06"]
[Round "2.14"]
[White "Shah Jash Divyang"]
[Black "Pawar Sohum"]
[Result "1/2-1/2"]
[ECO "B57"]
[WhiteElo "1088"]
[BlackElo "1442"]
[Annotator "NA RC"]
[PlyCount "89"]
[EventDate "2024.02.04"]
[EventType "swiss"]
[EventCountry "IND"]
[SourceTitle "playchess.com"]
[Source "ChessBase"]
[SourceQuality "1"]
[TimeControl "5400+30"]

1. e4 c5 2. Nf3 d6 3. d4 cxd4 4. Nxd4 Nf6 5. Nc3 Nc6 6. Nb3 e5 7. Bc4 h6 8. f3 Be7 9. Be3 a5 10. Na4 Be6 11. Bxe6 fxe6 12. Qe2 O-O 13. O-O d5 14. Rad1 Qe8 15. Nbc5 Bxc5 16. Bxc5 Nd4 17. Rxd4 exd4 18. Bxf8 Qxa4 19. Ba3 dxe4 20. fxe4 Qc6 21. e5 Nd5 22. Qf2 Ne3 23. Qf7+ Kh7 24. Rf2 Nxc2 25. Bf8 Rxf8 26. Qxf8 Ne3 27. h3 Qc1+ 28. Kh2 d3 29. Rf7 Nf5 30. Rxf5 exf5 31. Qxf5+ Kg8 32. Qxd3 Qxb2 33. Qd8+ Kf7 34. Qd7+ Kf8 35. e6 Qe5+ 36. Kg1 Qe1+ 37. Kh2 Qe5+ 38. Kg1 Qe3+ 39. Kh1 Qc1+ 40. Kh2 Qf4+ 41. Kg1 Qe3+ 42. Kh1 Qf4 43. Kg1 Qf6 44. Qxb7 Qxe6 45. Qa8+ 1/2-1/2

[Event "360 One Wealth GP-3 2024"]
[Site "Mumbai"]
[Date "2024.02.06"]
[Round "2.15"]
[White "Yuti Mayur Patel"]
[Black "Lakshya Agrawal"]
[Result "1-0"]
[ECO "B13"]
[WhiteElo "1426"]
[BlackElo "1013"]
[Annotator "NA RC"]
[PlyCount "143"]
[EventDate "2024.02.04"]
[EventType "swiss"]
[EventCountry "IND"]
[SourceTitle "playchess.com"]
[Source "ChessBase"]
[SourceQuality "1"]
[TimeControl "5400+30"]

1. e4 c6 2. d4 d5 3. exd5 cxd5 4. Bd3 Nc6 5. c3 Nf6 6. Bf4 Bg4 7. Ne2 e6 8. O-O Bd6 9. f3 Bh5 10. Qb3 Rb8 11. Na3 a6 12. Rae1 Bg6 13. Qd1 Bxd3 14. Qxd3 O-O 15. Nc2 Qc7 16. Bxd6 Qxd6 17. f4 Rfe8 18. Kh1 Rbd8 19. Ng1 Ne4 20. Nf3 Qxf4 21. Kg1 Qd6 22. Ne3 f5 23. Re2 Rf8 24. Rd1 Rf6 25. c4 dxc4 26. Qxc4 Qb4 27. Qd3 Nc5 28. Qc3 Qxc3 29. bxc3 Ne4 30. Rc2 Rf7 31. Nc4 Rc7 32. Rdc1 b5 33. Ncd2 Nxd2 34. Rxd2 Rdc8 35. Re1 Nd8 36. Ng5 Rxc3 37. d5 Rc1 38. Rde2 h6 39. dxe6 Rxe1+ 40. Rxe1 Nc6 41. Nf7 Re8 42. Nd6 Re7 43. Nxf5 Re8 44. e7 h5 45. Re6 Nxe7 46. Rxe7 Rxe7 47. Nxe7+ Kf7 48. Nd5 a5 49. Kf2 b4 50. Ke3 Ke6 51. Ke4 Kd6 52. Kd4 Kc6 53. Kc4 Kd6 54. Nf4 Ke5 55. Nxh5 Ke4 56. Nxg7 Ke3 57. Kb3 Kd4 58. a3 bxa3 59. Kxa3 Ke5 60. h4 Kf6 61. Ne8+ Kf7 62. Nd6+ Kg6 63. g4 Kh7 64. h5 Kh6 65. Nf5+ Kh7 66. g5 Kh8 67. g6 Kg8 68. h6 Kh8 69. g7+ Kh7 70. Ne7 a4 71. g8=Q+ Kxh6 72. Qg6# 1-0

[Event "360 One Wealth GP-3 2024"]
[Site "Mumbai"]
[Date "2024.02.07"]
[Round "3.1"]
[White "Raghav, Srivathsav V"]
[Black "Sunil, Vaidya"]
[Result "1-0"]
[ECO "A47"]
[WhiteElo "2017"]
[BlackElo "1402"]
[Annotator "TA"]
[PlyCount "67"]
[EventDate "2024.02.04"]
[EventType "swiss"]
[EventCountry "IND"]
[SourceTitle "playchess.com"]
[Source "ChessBase"]
[SourceQuality "1"]
[TimeControl "5400+30"]

1. Nf3 e6 2. b3 b6 3. Bb2 Bb7 4. e3 Nf6 5. d4 Be7 6. Nbd2 c5 7. Bd3 cxd4 8. exd4 {[%emt 0:00:07] The position is equal.} Nc6 9. a3 Nd5 10. g3 Nf6 11. Qe2 Rc8 12. O-O O-O 13. Rfe1 d5 14. b4 Nd7 15. c4 Bf6 16. Ne5 dxc4 17. Ndxc4 {[%emt 0:05:43] Strongly threatening Nd6.} Ndxe5 $2 {[%emt 0:05:05] White stays focused until the end.} (17... Be7 $14) 18. dxe5 $18 Be7 {[%emt 0:00:50] [#]} 19. Rad1 $40 {[%emt 0:00:16][%mdl 128] Black is in trouble.} (19. Nd6 $1 $18 Bxd6 20. exd6) 19... Qc7 {[%emt 0:00:57] [#]} (19... Nd4 $16 20. Bxh7+ (20. Bxd4 Qd5 $16) 20... Kxh7 21. Rxd4 (21. Bxd4 $2 Qd5 $19) 21... Qe8) 20. Nd6 $1 Rcd8 (20... Rfd8 21. Nxb7) 21. Nxb7 Qxb7 22. Be4 a6 23. Rxd8 Rxd8 24. Rc1 Rd5 (24... Rc8 $142 25. Qf3 Qb8 26. Bxc6 (26. Rxc6 Rxc6 27. Bxc6 a5 $18) 26... h6) 25. Bxd5 exd5 26. e6 Nd8 27. exf7+ Kxf7 28. Qh5+ Ke6 29. Qxh7 Bf8 30. Re1+ Kd6 31. Qg6+ (31. Be5+ $142 Kc6 32. Qg6+ Kd7 33. Qf5+ (33. Bxg7 Kc8 $18) 33... Kc6 34. Qxf8 Qd7 35. Rc1+ (35. Bxg7 Kb5 $18) (35. Qxg7 Qxg7 36. Bxg7 Nf7 $18) 35... Kb7 36. Rc7+ (36. Bxg7 a5 $18) (36. Qxg7 Qxg7 37. Bxg7 a5 $18) 36... Qxc7 37. Bxc7 Kxc7 38. Qxg7+ Kd6 39. Qa7) 31... Kc7 32. Be5+ Kd7 33. Bf4 Be7 34. Qxg7 {[%emt 0:01:03] Weighted Error Value: White=0.12 (very precise) /Black=0.99.  Loses game:     	---       	Black=2      Mistake:       	White=1     	Black=1      Inaccurate:     	White=1     	Black=1      OK:         	White=5     	Black=4      Best:        	White=1     	---        Brilliant:      	White=1     	---} (34. Qg4+ $142 Ke8 35. Qxg7 b5 36. Bg5 Nc6 37. Bxe7 Qxe7 38. Qg6+ (38. Rxe7+ Nxe7 39. Qf6 Ng8 $18) 38... Kf8 39. Rxe7 Nxe7 40. Qf6+ (40. Qxa6 Kf7 $18) 40... Ke8 41. Qxa6) 1-0

[Event "360 One Wealth GP-3 2024"]
[Site "Mumbai"]
[Date "2024.02.07"]
[Round "3.2"]
[White "Rishith Devnarayan S"]
[Black "Bartakke, Amardeep S."]
[Result "0-1"]
[ECO "B56"]
[WhiteElo "1231"]
[BlackElo "1961"]
[Annotator "NA RC"]
[PlyCount "58"]
[EventDate "2024.02.04"]
[EventType "swiss"]
[EventCountry "IND"]
[SourceTitle "playchess.com"]
[Source "ChessBase"]
[SourceQuality "1"]
[TimeControl "5400+30"]

1. e4 c5 2. Nf3 d6 3. d4 cxd4 4. Nxd4 Nf6 5. Nc3 Nc6 6. f3 e5 7. Nb3 Be6 8. Be3 Be7 9. Qd2 a5 10. Na4 d5 11. Bb6 Qb8 12. Bb5 O-O 13. g4 dxe4 14. g5 Nd5 15. fxe4 Nf4 16. h4 Bg4 17. Rg1 Bf3 18. Be3 Rd8 19. Qf2 Bxe4 20. Bxf4 exf4 21. Nb6 Nb4 22. Qe2 Nxc2+ 23. Kf2 Qa7 24. Qxe4 Qxb6+ 25. Kg2 Nxa1 26. Rxa1 Qxb5 27. Qxe7 a4 28. Rc1 axb3 29. Rc7 Qd5+ 0-1

[Event "360 One Wealth GP-3 2024"]
[Site "Mumbai"]
[Date "2024.02.07"]
[Round "3.4"]
[White "Arnav Mahesh Koli"]
[Black "Arnav Ashish Thatte"]
[Result "1-0"]
[ECO "C18"]
[WhiteElo "1755"]
[BlackElo "1280"]
[Annotator "NA RC"]
[PlyCount "99"]
[EventDate "2024.02.04"]
[EventType "swiss"]
[EventCountry "IND"]
[SourceTitle "playchess.com"]
[Source "ChessBase"]
[SourceQuality "1"]
[TimeControl "5400+30"]

1. e4 e6 2. d4 d5 3. Nc3 Bb4 4. e5 c5 5. a3 Bxc3+ 6. bxc3 Ne7 7. h4 Nbc6 8. h5 h6 9. Qg4 Rg8 10. Bd3 Nf5 11. Qf4 c4 12. Bxf5 exf5 13. Rh3 Bd7 14. Rb1 Qc8 15. a4 Ne7 16. a5 Qc6 17. Ba3 Nc8 18. Kd2 Qa4 19. Bb4 Qa2 20. Rc1 b6 21. Rg3 Ne7 22. Bd6 bxa5 23. Qh4 Nc6 24. Qf6 a4 25. Rxg7 Rxg7 26. Qxg7 O-O-O 27. Qxh6 Qb2 28. Qf6 a3 29. h6 a2 30. Ne2 a1=Q 31. Rxa1 Qxa1 32. Nc1 Nxd4 33. Qxd8+ Kxd8 34. h7 Nb5 35. h8=Q+ Be8 36. Qf6+ Kc8 37. Bb4 d4 38. Qxf5+ Bd7 39. Qxf7 dxc3+ 40. Kd1 a5 41. Qxc4+ Kd8 42. Bc5 a4 43. e6 Be8 44. Qd5+ Kc7 45. e7 a3 46. Qd8+ Kb7 47. Qxe8 Nc7 48. Qa4 Qb2 49. Bxa3 Qb6 50. Qb4 1-0

[Event "360 One Wealth GP-3 2024"]
[Site "Mumbai"]
[Date "2024.02.07"]
[Round "3.5"]
[White "Mishra Sanjeev"]
[Black "Mayanka Rakesh Rana"]
[Result "1-0"]
[ECO "B13"]
[WhiteElo "1683"]
[BlackElo "1136"]
[Annotator "NA RC"]
[PlyCount "45"]
[EventDate "2024.02.04"]
[EventType "swiss"]
[EventCountry "IND"]
[SourceTitle "playchess.com"]
[Source "ChessBase"]
[SourceQuality "1"]
[TimeControl "5400+30"]

1. e4 d5 2. exd5 Nf6 3. c4 c6 4. d4 cxd5 5. Nf3 Nc6 6. Nc3 Bg4 7. cxd5 Nxd5 8. Qb3 Nb6 9. d5 Bxf3 10. gxf3 Ne5 11. Bb5+ Ned7 12. Be3 Qc7 13. Rc1 Nc8 14. Ne4 Qd8 15. Nc5 Ncb6 16. Nxb7 Qb8 17. Nc5 Qd6 18. a4 a5 19. Ne4 Qb4+ 20. Qxb4 axb4 21. Bxb6 Rb8 22. Rc7 Rxb6 23. Rc8# 1-0